Avalanche vs Devils
Created - 22 octobre 2014 at 23:06
Goals
|
| Avalanche |
0 |
0 |
4 |
0 |
2 |
5 |
| Devils |
1 |
0 |
3 |
0 |
1 |
4 |
|
Shots
|
| Avalanche |
3 |
6 |
21 |
0 |
4 |
30 |
| Devils |
17 |
5 |
10 |
1 |
4 |
33 |
|
1st period
1. Devils , Dustin Boyd 4 (Greg Stewart) at 16:29
Penalties :
Brian Campbell (Col) for High sticking (Minor) at 18:31
2nd period
No Goal
Penalties :
Brad Ference (NJD) for Tripping (Minor) at 14:10, Maxim Afinogenov (NJD) for Hooking (Minor) at 19:05
3rd period
2. Devils , Antti Miettinen 3 (Vincent Lecavalier, Ben Lovejoy) at 1:30
3. Devils , Vincent Lecavalier 8 (Guillaume Latendresse, Maxim Afinogenov) at 8:57
4. Avalanche , Drew Doughty 2 (Mike Comrie) at 10:00
5. Avalanche , Jason Allison 6 (Corey Perry, Michael Rupp) at 11:05
6. Avalanche , Mike Comrie 4 (Marc Staal) at 11:11
7. Devils , Maxim Afinogenov 11 (Guillaume Latendresse, Vincent Lecavalier) at 12:52
8. Avalanche , Dave Tanabe 3 (Drew Doughty, Ryan Smyth) at 19:57
Penalties :
Jason Pominville (Col) for Tripping (Minor) at 3:19, Rostislav Olesz (Col) for Holding (Minor) at 15:08
Overtime #1
No Goal
Penalties :
No Penalty
Shootout
Penalty Shot by Corey Perry for Avalanche - Stopped by Dan Ellis
Penalty Shot by Vincent Lecavalier for Devils - Stopped by Jimmy Howard
Penalty Shot by Ryan Smyth for Avalanche - Stopped by Dan Ellis
Penalty Shot by Patric Hornqvist for Devils - Goal!
Penalty Shot by Bryan Little for Avalanche - Goal!
Penalty Shot by Maxim Afinogenov for Devils - Shot Misses the Net
Penalty Shot by Mike Comrie for Avalanche - Goal!
Penalty Shot by Stephen Weiss for Devils - Shot Misses the Net
Penalties :
No Penalty
Goalie Stats
Jimmy Howard (Col), 29 saves from 33 shots - (0,879), W, 7-1-0, 64:32 minutes
Dan Ellis (NJD), 26 saves from 30 shots - (0,867), OTL, 3-1-1, 65:00 minutes
Players Stats for Avalanche
Player Name G A P +/- PIM S H SB GA TA FO MP PP MP PK MP
------------------------------------------------------------------------------------
Andrew Ladd 0 0 0 -2 0 0 2 1 0 1 1/2 11:17 0:00 1:08
Brian Campbell 0 0 0 0 2 1 1 0 0 0 0/0 18:45 1:09 0:00
Bryan Little 0 0 0 0 0 0 0 2 1 0 1/5 11:43 1:48 0:00
Chuck Kobasew 0 0 0 0 0 1 2 0 1 1 0/0 11:42 0:00 1:36
Corey Perry 0 1 1 1 0 1 0 0 1 0 2/4 20:05 2:00 0:00
Dave Tanabe 1 0 1 0 0 3 1 1 0 0 0/0 24:44 2:49 2:13
Drew Doughty 1 1 2 1 0 3 2 3 1 2 0/0 20:32 2:49 0:00
Dustin Byfuglien 0 0 0 -2 0 1 4 0 1 0 0/1 12:56 0:20 1:36
Jack Johnson 0 0 0 0 0 1 0 2 2 6 0/0 25:32 1:09 3:44
Jason Allison 1 0 1 1 0 3 1 2 0 0 6/15 17:37 2:00 0:00
Jason Pominville 0 0 0 1 2 3 1 2 1 1 2/2 18:39 1:48 0:00
Marc Staal 0 1 1 -1 0 1 0 1 0 1 0/0 23:06 0:00 3:44
Maxim Talbot 0 0 0 -2 0 0 1 0 0 0 1/3 9:46 0:00 0:00
Michael Rupp 0 1 1 0 0 1 5 0 0 1 1/2 18:22 0:00 3:16
Mike Comrie 1 1 2 1 0 3 3 0 0 0 10/24 19:11 0:00 3:29
Rostislav Olesz 0 0 0 0 2 1 2 0 0 1 0/0 13:24 1:48 0:28
Ryan Smyth 0 1 1 2 0 7 1 0 0 0 1/2 19:07 2:10 0:21
Shane O'Brien 0 0 0 0 0 0 1 0 0 1 0/0 17:32 0:00 2:13
Players Stats for Devils
Player Name G A P +/- PIM S H SB GA TA FO MP PP MP PK MP
------------------------------------------------------------------------------------
Andrej Meszaros 0 0 0 1 0 0 0 0 0 1 0/0 17:19 3:54 0:46
Andy Greene 0 0 0 0 0 0 0 0 1 1 0/0 14:15 0:00 0:35
Antti Miettinen 1 0 1 2 0 2 1 0 0 1 0/0 10:27 0:00 1:01
Ben Lovejoy 0 1 1 0 0 2 3 2 2 0 0/0 24:29 2:03 2:06
Brad Ference 0 0 0 1 2 0 1 4 0 2 0/0 18:34 0:00 1:19
Dustin Boyd 1 0 1 1 0 2 1 0 0 0 1/1 7:55 0:00 0:00
Greg Stewart 0 1 1 1 0 3 3 1 0 0 0/0 8:28 0:00 0:33
Guillaume Latendresse 0 2 2 0 0 2 2 0 2 1 1/2 21:46 2:41 0:00
Jason Arnott 0 0 0 0 0 1 1 0 1 1 8/12 13:37 0:00 2:35
Jay Bouwmeester 0 0 0 -2 0 3 0 4 2 0 0/0 28:45 3:54 2:05
Ladislav Nagy 0 0 0 0 0 1 1 1 1 0 0/0 10:39 0:00 0:44
Maxim Afinogenov 1 1 2 1 2 4 1 1 0 1 1/2 20:34 2:41 0:00
Mike Komisarek 0 0 0 0 0 2 0 0 1 0 0/0 26:36 2:03 1:05
Patric Hornqvist 0 0 0 -2 0 1 0 0 1 0 1/2 17:36 3:16 0:00
Patrick Eaves 0 0 0 0 0 0 1 1 0 0 0/0 9:55 0:00 0:00
Stephen Weiss 0 0 0 -2 0 3 1 0 0 0 7/14 19:33 2:41 0:00
Vincent Lecavalier 1 2 3 1 0 4 4 1 3 0 16/27 23:33 3:16 1:01
Zach Parise 0 0 0 -2 0 3 6 0 1 0 0/0 21:59 3:16 2:02
3 Stars
1 - Vincent Lecavalier (NJD)
2 - Drew Doughty (Col)
3 - Mike Comrie (Col)
Power Play
Avalanche - 0 on 2 Attempt(s) - 0,00%
Devils - 0 on 3 Attempt(s) - 0,00%
Penalty Kill
Avalanche - 3 on 3 Attempt(s) - 100,00%
- Score 0 goal in Penalty Kill
Devils - 2 on 2 Attempt(s) - 100,00%
- Score 0 goal in Penalty Kill
Official
Referees : Pollock Kevin and Jackson Dave
Linesman : Dan Schachte and Derek Nansen
Game Notes
No Game Note
Finance
Level 1 -- Attendance: 5489 (91,48%) -- Ticket Income 466 565 $
Level 2 -- Attendance: 4751 (95,02%) -- Ticket Income 247 052 $
Level 3 -- Attendance: 1922 (96,10%) -- Ticket Income 53 816 $
Level 4 -- Attendance: 3681 (92,03%) -- Ticket Income 73 620 $
Luxury Box -- Attendance: 1000 (100,00%) -- Ticket Income 170 000 $
Game was played at the The prudential Center
Total Attendance: 16843 (93,57%)
Total Ticket Income: 1 011 053 $
Other Income: 151 658 $
Total Income: 1 162 711 $
Avalanche
5 vs 5 Forward
Center Left Wing Right Wing Time % Phy DF OF
1 Jason Allison Michael Rupp Corey Perry 35 1 2 2
2 Mike Comrie Ryan Smyth Jason Pominville 35 1 2 2
3 Maxim Talbot Andrew Ladd Dustin Byfuglien 15 1 2 2
4 Bryan Little Rostislav Olesz Chuck Kobasew 15 1 2 2
5 vs 5 Defense
Defense Defense Time % Phy DF OF
1 Jack Johnson Brian Campbell 35 1 2 2
2 Marc Staal Dave Tanabe 35 1 2 2
3 Drew Doughty Shane O'Brien 30 1 2 2
4 Jack Johnson Brian Campbell 0 1 2 2
PowerPlay Forward
Center Left Wing Right Wing Time % Phy DF OF
1 Jason Allison Ryan Smyth Corey Perry 60 1 2 2
2 Bryan Little Rostislav Olesz Jason Pominville 40 1 2 2
PowerPlay Defense
Defense Defense Time % Phy DF OF
1 Drew Doughty Dave Tanabe 60 1 2 2
2 Brian Campbell Jack Johnson 40 1 2 2
Penalty Kill 4 Players Forward
Center Wing Time % Phy DF OF
1 Mike Comrie Michael Rupp 60 1 2 2
2 Dustin Byfuglien Chuck Kobasew 40 1 2 2
Penalty Kill 4 Players Defense
Defense Defense Time % Phy DF OF
1 Jack Johnson Marc Staal 60 1 2 2
2 Dave Tanabe Shane O'Brien 40 1 2 2
Penalty Kill - 3 Players Forward
Forward Time % Phy DF OF
1 Mike Comrie 60 1 2 2
2 Jason Pominville 40 1 2 2
Penalty Kill - 3 Players Defense
Defense Defense Time % Phy DF OF
1 Jack Johnson Marc Staal 60 1 2 2
2 Dave Tanabe Shane O'Brien 40 1 2 2
4 vs 4 Forward
Center Wing Time % Phy DF OF
1 Corey Perry Jason Pominville 60 1 2 2
2 Ryan Smyth Mike Comrie 40 1 2 2
4 vs 4 Defense
Defense Defense Time % Phy DF OF
1 Jack Johnson Marc Staal 60 1 2 2
2 Dave Tanabe Drew Doughty 40 1 2 2
Last Minutes Offensive
Center Left Wing Right Wing Defense Defense
Jason Allison Ryan Smyth Corey Perry Drew Doughty Dave Tanabe
Last Minutes Defensive
Center Left Wing Right Wing Defense Defense
Mike Comrie Michael Rupp Chuck Kobasew Jack Johnson Marc Staal
Goaltenders
Starting : Jimmy Howard
Backup : Marty Turco
Extra Forwards
Normal : Dustin Byfuglien, Rostislav Olesz, Andrew Ladd - PP : Dustin Byfuglien, Rostislav Olesz - PK : Andrew Ladd
Extra Defensemen
Normal : Dave Tanabe, Shane O'Brien, Drew Doughty - PP : Dave Tanabe - PK : Shane O'Brien, Drew Doughty
Penalty Shots
Corey Perry, Ryan Smyth, Bryan Little, Mike Comrie, Dave Tanabe
Devils
5 vs 5 Forward
Center Left Wing Right Wing Time % Phy DF OF
1 Vincent Lecavalier Guillaume Latendresse Maxim Afinogenov 40 1 2 2
2 Stephen Weiss Zach Parise Patric Hornqvist 30 1 2 2
3 Jason Arnott Ladislav Nagy Patrick Eaves 20 1 2 2
4 Dustin Boyd Greg Stewart Antti Miettinen 10 1 2 2
5 vs 5 Defense
Defense Defense Time % Phy DF OF
1 Jay Bouwmeester Mike Komisarek 40 1 3 1
2 Ben Lovejoy Andy Greene 30 1 3 1
3 Brad Ference Andrej Meszaros 20 1 3 1
4 Ben Lovejoy Brad Ference 10 1 3 1
PowerPlay Forward
Center Left Wing Right Wing Time % Phy DF OF
1 Vincent Lecavalier Zach Parise Patric Hornqvist 60 1 2 2
2 Stephen Weiss Guillaume Latendresse Maxim Afinogenov 40 1 2 2
PowerPlay Defense
Defense Defense Time % Phy DF OF
1 Jay Bouwmeester Andrej Meszaros 60 1 2 2
2 Mike Komisarek Ben Lovejoy 40 1 2 2
Penalty Kill 4 Players Forward
Center Wing Time % Phy DF OF
1 Jason Arnott Zach Parise 60 1 2 2
2 Vincent Lecavalier Antti Miettinen 40 1 2 2
Penalty Kill 4 Players Defense
Defense Defense Time % Phy DF OF
1 Jay Bouwmeester Brad Ference 60 1 2 2
2 Ben Lovejoy Mike Komisarek 40 1 2 2
Penalty Kill - 3 Players Forward
Forward Time % Phy DF OF
1 Jason Arnott 60 1 2 2
2 Vincent Lecavalier 40 1 2 2
Penalty Kill - 3 Players Defense
Defense Defense Time % Phy DF OF
1 Brad Ference Ben Lovejoy 60 1 2 2
2 Mike Komisarek Jay Bouwmeester 40 1 2 2
4 vs 4 Forward
Center Wing Time % Phy DF OF
1 Stephen Weiss Zach Parise 60 1 2 2
2 Vincent Lecavalier Guillaume Latendresse 40 1 2 2
4 vs 4 Defense
Defense Defense Time % Phy DF OF
1 Brad Ference Mike Komisarek 60 1 2 2
2 Jay Bouwmeester Ben Lovejoy 40 1 2 2
Last Minutes Offensive
Center Left Wing Right Wing Defense Defense
Vincent Lecavalier Guillaume Latendresse Maxim Afinogenov Ben Lovejoy Jay Bouwmeester
Last Minutes Defensive
Center Left Wing Right Wing Defense Defense
Vincent Lecavalier Guillaume Latendresse Maxim Afinogenov Ben Lovejoy Jay Bouwmeester
Goaltenders
Starting : Dan Ellis
Backup : Viktor Fasth
Extra Forwards
Normal : Jason Arnott, Antti Miettinen, Ladislav Nagy - PP : Jason Arnott, Greg Stewart - PK : Ladislav Nagy
Extra Defensemen
Normal : Brad Ference, Mike Komisarek, Andrej Meszaros - PP : Brad Ference - PK : Brad Ference, Ben Lovejoy
Penalty Shots
Vincent Lecavalier, Patric Hornqvist, Maxim Afinogenov, Stephen Weiss, Guillaume Latendresse
% Time on Ice - Avalanche
Lines # - Real PCT - Wanted PCT - Time Play
Normal Forward
1 - 30% - 35% - 14:49
2 - 30% - 35% - 14:30
3 - 20% - 15% - 9:46
4 - 20% - 15% - 9:55
Normal Defense
1 - 35% - 35% - 17:15
2 - 35% - 35% - 17:13
3 - 29% - 30% - 14:21
4 - 0% - 0% - 0:11
PP Forward
1 - 55% - 60% - 2:10
2 - 45% - 40% - 1:48
PP Defense
1 - 71% - 60% - 2:49
2 - 29% - 40% - 1:09
PK Forward
1 - 73% - 60% - 4:21
2 - 27% - 40% - 1:36
PK Defense
1 - 63% - 60% - 3:44
2 - 37% - 40% - 2:13
PK3 Forward
1 - 0% - 60%
2 - 0% - 40%
PK3 Defense
1 - 0% - 60%
2 - 0% - 40%
44 Forward
1 - 78% - 60% - 3:54
2 - 22% - 40% - 1:06
44 Defense
1 - 54% - 60% - 2:43
2 - 46% - 40% - 2:17
Last Minute Offensive - 1:05
Last Minute Defensive - 0:00
Total
Forward - 65:00
Defense - 65:00
|
% Time on Ice - Devils
Lines # - Real PCT - Wanted PCT - Time Play
Normal Forward
1 - 33% - 40% - 16:17
2 - 31% - 30% - 14:59
3 - 20% - 20% - 9:55
4 - 16% - 10% - 7:55
Normal Defense
1 - 40% - 40% - 19:37
2 - 28% - 30% - 13:53
3 - 25% - 20% - 12:15
4 - 7% - 10% - 3:21
PP Forward
1 - 55% - 60% - 3:16
2 - 45% - 40% - 2:41
PP Defense
1 - 66% - 60% - 3:54
2 - 34% - 40% - 2:03
PK Forward
1 - 74% - 60% - 2:57
2 - 26% - 40% - 1:01
PK Defense
1 - 73% - 60% - 2:53
2 - 27% - 40% - 1:05
PK3 Forward
1 - 0% - 60%
2 - 0% - 40%
PK3 Defense
1 - 0% - 60%
2 - 0% - 40%
44 Forward
1 - 68% - 60% - 3:25
2 - 32% - 40% - 1:35
44 Defense
1 - 53% - 60% - 2:38
2 - 47% - 40% - 2:22
Last Minute Offensive - 0:00
Last Minute Defensive - 0:59
Total
Forward - 65:00
Defense - 65:00
|
Play by Play
1st period
0:01 of 1st period - Jason Allison wins face-off versus Vincent Lecavalier in neutral zone.
0:08 of 1st period - Jay Bouwmeester is hit by Michael Rupp and loses puck.
0:54 of 1st period - Wrist shot by Dustin Byfuglien.
0:54 of 1st period - Deflect By Maxim Talbot.
0:54 of 1st period - Shot Misses the Net.
0:54 of 1st period - Puck is out of play.
0:55 of 1st period - Bryan Little wins face-off versus Jason Arnott in Devils zone.
1:10 of 1st period - Snap shot by Drew Doughty.
1:10 of 1st period - Shot Blocked by Ben Lovejoy.
2:03 of 1st period - Snap shot by Stephen Weiss.
2:03 of 1st period - Stopped by Jimmy Howard with a rebound.
2:05 of 1st period - Snap shot by Ben Lovejoy.
2:05 of 1st period - Stopped by Jimmy Howard with a rebound.
2:07 of 1st period - Snap shot by Ben Lovejoy.
2:07 of 1st period - Stopped by Jimmy Howard without a rebound.
2:08 of 1st period - Mike Comrie wins face-off versus Stephen Weiss in Avalanche zone.
2:33 of 1st period - Shane O'Brien is hit by Vincent Lecavalier and loses puck.
2:57 of 1st period - Off-side.
2:58 of 1st period - Maxim Talbot wins face-off versus Jason Arnott in neutral zone.
3:02 of 1st period - Off-side.
3:03 of 1st period - Jason Allison wins face-off versus Vincent Lecavalier in neutral zone.
3:06 of 1st period - Andrej Meszaros is hit by Jason Allison and loses puck.
3:31 of 1st period - Snap shot by Mike Comrie.
3:31 of 1st period - Shot Misses the Net.
3:57 of 1st period - Ladislav Nagy is hit by Maxim Talbot and loses puck.
4:22 of 1st period - Snap shot by Jay Bouwmeester.
4:22 of 1st period - Deflect By Dave Tanabe.
4:22 of 1st period - Stopped by Jimmy Howard with a rebound.
4:24 of 1st period - Slapshot by Jay Bouwmeester.
4:24 of 1st period - Stopped by Jimmy Howard with a rebound.
4:26 of 1st period - Snap shot by Dustin Boyd.
4:26 of 1st period - Shot Blocked by Marc Staal.
4:44 of 1st period - Wrist shot by Vincent Lecavalier.
4:44 of 1st period - Shot Misses the Net.
5:23 of 1st period - Snap shot by Ladislav Nagy.
5:23 of 1st period - Stopped by Jimmy Howard without a rebound.
5:24 of 1st period - Michael Rupp wins face-off versus Vincent Lecavalier in Avalanche zone.
6:27 of 1st period - Brad Ference is hit by Andrew Ladd and loses puck.
6:39 of 1st period - Off-side.
6:40 of 1st period - Vincent Lecavalier wins face-off versus Mike Comrie in neutral zone.
7:18 of 1st period - Snap shot by Stephen Weiss.
7:18 of 1st period - Stopped by Jimmy Howard with a rebound.
7:20 of 1st period - Slapshot by Mike Komisarek.
7:20 of 1st period - Stopped by Jimmy Howard without a rebound.
7:21 of 1st period - Jason Arnott wins face-off versus Maxim Talbot in Avalanche zone.
8:02 of 1st period - Icing by Guillaume Latendresse.
8:03 of 1st period - Vincent Lecavalier wins face-off versus Jason Allison in Devils zone.
8:12 of 1st period - Wrist shot by Vincent Lecavalier.
8:12 of 1st period - Shot Misses the Net.
8:14 of 1st period - Slapshot by Vincent Lecavalier.
8:14 of 1st period - Stopped by Jimmy Howard with a rebound.
8:16 of 1st period - Wrist shot by Maxim Afinogenov.
8:16 of 1st period - Shot Misses the Net.
8:24 of 1st period - Snap shot by Guillaume Latendresse.
8:24 of 1st period - Shot Misses the Net.
8:34 of 1st period - Snap shot by Vincent Lecavalier.
8:34 of 1st period - Stopped by Jimmy Howard with a rebound.
8:36 of 1st period - Wrist shot by Guillaume Latendresse.
8:36 of 1st period - Stopped by Jimmy Howard with a rebound.
8:38 of 1st period - Snap shot by Maxim Afinogenov.
8:38 of 1st period - Shot Blocked by Dave Tanabe.
8:40 of 1st period - Slapshot by Ben Lovejoy.
8:40 of 1st period - Shot Blocked by Jason Allison.
8:42 of 1st period - Snap shot by Guillaume Latendresse.
8:42 of 1st period - Stopped by Jimmy Howard with a rebound.
9:11 of 1st period - Wrist shot by Vincent Lecavalier.
9:11 of 1st period - Stopped by Jimmy Howard without a rebound.
9:12 of 1st period - Mike Comrie wins face-off versus Stephen Weiss in Avalanche zone.
9:19 of 1st period - Snap shot by Stephen Weiss.
9:19 of 1st period - Shot Misses the Net.
10:08 of 1st period - Jack Johnson is hit by Dustin Boyd and loses puck.
10:13 of 1st period - Snap shot by Dustin Boyd.
10:13 of 1st period - Shot Blocked by Bryan Little.
10:27 of 1st period - Wrist shot by Zach Parise.
10:27 of 1st period - Stopped by Jimmy Howard with a rebound.
10:29 of 1st period - Slapshot by Jay Bouwmeester.
10:29 of 1st period - Stopped by Jimmy Howard with a rebound.
10:31 of 1st period - Slapshot by Jay Bouwmeester.
10:31 of 1st period - Shot Blocked by Jack Johnson.
11:26 of 1st period - Wrist shot by Bryan Little.
11:26 of 1st period - Shot Blocked by Patrick Eaves.
11:40 of 1st period - Guillaume Latendresse is hit by Ryan Smyth and loses puck.
11:53 of 1st period - Dave Tanabe is hit by Zach Parise and loses puck.
12:25 of 1st period - Andrej Meszaros is hit by Dustin Byfuglien.
12:34 of 1st period - Dave Tanabe is hit by Antti Miettinen.
13:13 of 1st period - Mike Comrie is hit by Vincent Lecavalier and loses puck.
13:42 of 1st period - Andrej Meszaros is hit by Michael Rupp and loses puck.
13:49 of 1st period - Dave Tanabe is hit by Ben Lovejoy and loses puck.
14:02 of 1st period - Rostislav Olesz is hit by Jason Arnott and loses puck.
14:25 of 1st period - Snap shot by Mike Comrie.
14:25 of 1st period - Stopped by Dan Ellis with a rebound.
14:27 of 1st period - Wrist shot by Jason Pominville.
14:27 of 1st period - Stopped by Dan Ellis without a rebound.
14:28 of 1st period - Vincent Lecavalier wins face-off versus Mike Comrie in Devils zone.
14:45 of 1st period - Shane O'Brien is hit by Guillaume Latendresse and loses puck.
15:00 of 1st period - Wrist shot by Maxim Afinogenov.
15:00 of 1st period - Stopped by Jimmy Howard with a rebound.
15:02 of 1st period - Snap shot by Vincent Lecavalier.
15:02 of 1st period - Deflect By Guillaume Latendresse.
15:02 of 1st period - Shot Blocked by Jason Pominville.
15:02 of 1st period - Puck is out of play.
15:03 of 1st period - Stephen Weiss wins face-off versus Jason Allison in Avalanche zone.
15:10 of 1st period - Snap shot by Jason Allison.
15:10 of 1st period - Shot Misses the Net.
16:29 of 1st period - Wrist shot by Dustin Boyd.
16:29 of 1st period - Goal by Dustin Boyd - Avalanche : 0 - Devils : 1.
16:30 of 1st period - Vincent Lecavalier wins face-off versus Mike Comrie in neutral zone.
16:41 of 1st period - Snap shot by Vincent Lecavalier.
16:41 of 1st period - Shot Blocked by Drew Doughty.
17:05 of 1st period - Slapshot by Drew Doughty.
17:05 of 1st period - Shot Misses the Net.
17:50 of 1st period - Snap shot by Antti Miettinen.
17:50 of 1st period - Shot Misses the Net.
18:02 of 1st period - Wrist shot by Mike Comrie.
18:02 of 1st period - Shot Misses the Net.
18:04 of 1st period - Snap shot by Ryan Smyth.
18:04 of 1st period - Shot Misses the Net.
18:06 of 1st period - Slapshot by Dave Tanabe.
18:06 of 1st period - Shot Misses the Net.
18:08 of 1st period - Snap shot by Ryan Smyth.
18:08 of 1st period - Deflect By Maxim Afinogenov.
18:08 of 1st period - Shot Misses the Net.
18:08 of 1st period - Puck is out of play.
18:09 of 1st period - Stephen Weiss wins face-off versus Michael Rupp in Devils zone.
18:31 of 1st period - Minor Penalty to Brian Campbell for High sticking.
18:32 of 1st period - Vincent Lecavalier wins face-off versus Mike Comrie in Avalanche zone.
19:50 of 1st period - Slapshot by Jack Johnson.
19:50 of 1st period - Deflect By Mike Komisarek.
19:50 of 1st period - Stopped by Dan Ellis without a rebound.
19:51 of 1st period - Andrew Ladd wins face-off versus Stephen Weiss in Devils zone.
19:56 of 1st period - Wrist shot by Andrew Ladd.
19:56 of 1st period - Shot Misses the Net.
Goals for this period are 0 for Avalanche vs 1 for Devils.
Shots for this period are 3 for Avalanche vs 17 for Devils.
2nd period
0:01 of 2nd period - Mike Comrie wins face-off versus Vincent Lecavalier in neutral zone.
0:31 of 2nd period - Penalty to Brian Campbell is over, Brian Campbell is back on ice.
0:49 of 2nd period - Jack Johnson is hit by Ben Lovejoy and loses puck.
1:14 of 2nd period - Slapshot by Greg Stewart.
1:14 of 2nd period - Stopped by Jimmy Howard with a rebound.
1:16 of 2nd period - Backhand shot by Ben Lovejoy.
1:16 of 2nd period - Shot Blocked by Drew Doughty.
1:18 of 2nd period - Snap shot by Greg Stewart.
1:18 of 2nd period - Deflect By Antti Miettinen.
1:18 of 2nd period - Shot Misses the Net.
1:18 of 2nd period - Puck is out of play.
1:19 of 2nd period - Vincent Lecavalier wins face-off versus Bryan Little in Avalanche zone.
1:20 of 2nd period - Slapshot by Guillaume Latendresse.
1:20 of 2nd period - Shot Blocked by Drew Doughty.
1:28 of 2nd period - Snap shot by Rostislav Olesz.
1:28 of 2nd period - Shot Blocked by Maxim Afinogenov.
1:49 of 2nd period - Snap shot by Mike Comrie.
1:49 of 2nd period - Shot Blocked by Brad Ference.
1:51 of 2nd period - Snap shot by Ryan Smyth.
1:51 of 2nd period - Stopped by Dan Ellis with a rebound.
1:53 of 2nd period - Backhand shot by Ryan Smyth.
1:53 of 2nd period - Stopped by Dan Ellis without a rebound.
1:54 of 2nd period - Jason Allison wins face-off versus Maxim Afinogenov in Devils zone.
2:59 of 2nd period - Dustin Byfuglien is hit by Greg Stewart.
3:09 of 2nd period - Snap shot by Antti Miettinen.
3:09 of 2nd period - Shot Misses the Net.
3:47 of 2nd period - Wrist shot by Mike Comrie.
3:47 of 2nd period - Stopped by Dan Ellis with a rebound.
3:49 of 2nd period - Snap shot by Ryan Smyth.
3:49 of 2nd period - Stopped by Dan Ellis with a rebound.
3:51 of 2nd period - Wrist shot by Dave Tanabe.
3:51 of 2nd period - Shot Blocked by Jay Bouwmeester.
4:33 of 2nd period - Snap shot by Zach Parise.
4:33 of 2nd period - Shot Misses the Net.
4:48 of 2nd period - Brian Campbell is hit by Greg Stewart and loses puck.
5:28 of 2nd period - Vincent Lecavalier is hit by Mike Comrie and loses puck.
6:13 of 2nd period - Marc Staal is hit by Patrick Eaves and loses puck.
6:28 of 2nd period - Snap shot by Dustin Boyd.
6:28 of 2nd period - Shot Misses the Net.
6:45 of 2nd period - Slapshot by Jack Johnson.
6:45 of 2nd period - Shot Misses the Net.
6:47 of 2nd period - Snap shot by Bryan Little.
6:47 of 2nd period - Shot Misses the Net.
6:53 of 2nd period - Snap shot by Rostislav Olesz.
6:53 of 2nd period - Shot Misses the Net.
6:55 of 2nd period - Wrist shot by Jack Johnson.
6:55 of 2nd period - Shot Misses the Net.
7:05 of 2nd period - Patrick Eaves is hit by Andrew Ladd and loses puck.
7:30 of 2nd period - Jay Bouwmeester is hit by Drew Doughty and loses puck.
7:41 of 2nd period - Mike Komisarek is hit by Jason Pominville and loses puck.
9:02 of 2nd period - Corey Perry is hit by Greg Stewart and loses puck.
9:42 of 2nd period - Patric Hornqvist is hit by Chuck Kobasew and loses puck.
9:55 of 2nd period - Andrej Meszaros is hit by Dustin Byfuglien and loses puck.
10:07 of 2nd period - Dustin Byfuglien is hit by Zach Parise.
10:11 of 2nd period - Andrew Ladd is hit by Ben Lovejoy and loses puck.
10:24 of 2nd period - Maxim Afinogenov is hit by Mike Comrie and loses puck.
10:33 of 2nd period - Mike Komisarek is hit by Shane O'Brien and loses puck.
10:55 of 2nd period - Jason Arnott is hit by Michael Rupp.
11:20 of 2nd period - Bryan Little is hit by Brad Ference.
11:30 of 2nd period - Shane O'Brien is hit by Guillaume Latendresse and loses puck.
11:50 of 2nd period - Brian Campbell is hit by Ladislav Nagy and loses puck.
12:13 of 2nd period - Mike Komisarek is hit by Michael Rupp and loses puck.
12:32 of 2nd period - Snap shot by Greg Stewart.
12:32 of 2nd period - Stopped by Jimmy Howard with a rebound.
12:42 of 2nd period - Slapshot by Corey Perry.
12:42 of 2nd period - Shot Blocked by Greg Stewart.
12:44 of 2nd period - Slapshot by Dave Tanabe.
12:44 of 2nd period - Stopped by Dan Ellis without a rebound.
12:45 of 2nd period - Vincent Lecavalier wins face-off versus Mike Comrie in Devils zone.
12:59 of 2nd period - Snap shot by Jason Pominville.
12:59 of 2nd period - Stopped by Dan Ellis with a rebound.
13:09 of 2nd period - Bryan Little is hit by Zach Parise and loses puck.
13:14 of 2nd period - Snap shot by Zach Parise.
13:14 of 2nd period - Shot Misses the Net.
13:16 of 2nd period - Slapshot by Patric Hornqvist.
13:16 of 2nd period - Deflect By Zach Parise.
13:16 of 2nd period - Stopped by Jimmy Howard without a rebound.
13:17 of 2nd period - Vincent Lecavalier wins face-off versus Jason Allison in Avalanche zone.
14:10 of 2nd period - Minor Penalty to Brad Ference for Tripping.
14:11 of 2nd period - Jason Arnott wins face-off versus Jason Allison in Devils zone.
15:19 of 2nd period - Andrej Meszaros is hit by Dave Tanabe and loses puck.
15:43 of 2nd period - Icing by Jason Allison.
15:44 of 2nd period - Vincent Lecavalier wins face-off versus Bryan Little in Avalanche zone.
16:10 of 2nd period - Penalty to Brad Ference is over, Brad Ference is back on ice.
16:29 of 2nd period - Slapshot by Maxim Talbot.
16:29 of 2nd period - Shot Misses the Net.
16:43 of 2nd period - Wrist shot by Greg Stewart.
16:43 of 2nd period - Shot Misses the Net.
16:47 of 2nd period - Snap shot by Antti Miettinen.
16:47 of 2nd period - Stopped by Jimmy Howard without a rebound.
16:48 of 2nd period - Stephen Weiss wins face-off versus Mike Comrie in Avalanche zone.
17:08 of 2nd period - Icing by Jay Bouwmeester.
17:09 of 2nd period - Jason Allison wins face-off versus Stephen Weiss in Devils zone.
17:20 of 2nd period - Snap shot by Patric Hornqvist.
17:20 of 2nd period - Shot Blocked by Jason Allison.
17:22 of 2nd period - Slapshot by Mike Komisarek.
17:22 of 2nd period - Stopped by Jimmy Howard with a rebound.
17:40 of 2nd period - Snap shot by Michael Rupp.
17:40 of 2nd period - Shot Misses the Net.
17:56 of 2nd period - Michael Rupp is hit by Stephen Weiss and loses puck.
18:33 of 2nd period - Slapshot by Brian Campbell.
18:33 of 2nd period - Shot Misses the Net.
18:43 of 2nd period - Snap shot by Corey Perry.
18:43 of 2nd period - Deflect By Michael Rupp.
18:43 of 2nd period - Shot Misses the Net.
18:43 of 2nd period - Puck is out of play.
18:44 of 2nd period - Ryan Smyth wins face-off versus Vincent Lecavalier in Devils zone.
19:05 of 2nd period - Minor Penalty to Maxim Afinogenov for Hooking.
19:06 of 2nd period - Jason Arnott wins face-off versus Bryan Little in Devils zone.
Goals for this period are 0 for Avalanche vs 0 for Devils.
Shots for this period are 6 for Avalanche vs 5 for Devils.
3rd period
0:01 of 3rd period - Jason Allison wins face-off versus Jason Arnott in neutral zone.
0:04 of 3rd period - Slapshot by Dave Tanabe.
0:04 of 3rd period - Shot Blocked by Brad Ference.
0:06 of 3rd period - Wrist shot by Ryan Smyth.
0:06 of 3rd period - Stopped by Dan Ellis with a rebound.
0:08 of 3rd period - Slapshot by Ryan Smyth.
0:08 of 3rd period - Shot Misses the Net.
0:10 of 3rd period - Slapshot by Drew Doughty.
0:10 of 3rd period - Stopped by Dan Ellis without a rebound.
0:11 of 3rd period - Jason Allison wins face-off versus Jason Arnott in Devils zone.
0:12 of 3rd period - Snap shot by Corey Perry.
0:12 of 3rd period - Shot Misses the Net.
0:14 of 3rd period - Slapshot by Corey Perry.
0:14 of 3rd period - Shot Blocked by Brad Ference.
0:16 of 3rd period - Slapshot by Dave Tanabe.
0:16 of 3rd period - Shot Blocked by Brad Ference.
0:18 of 3rd period - Snap shot by Jason Allison.
0:18 of 3rd period - Deflect By Ryan Smyth.
0:18 of 3rd period - Shot Misses the Net.
0:18 of 3rd period - Puck is out of play.
0:19 of 3rd period - Jason Arnott wins face-off versus Jason Allison in Devils zone.
1:05 of 3rd period - Penalty to Maxim Afinogenov is over, Maxim Afinogenov is back on ice.
1:28 of 3rd period - Snap shot by Vincent Lecavalier.
1:28 of 3rd period - Shot Misses the Net.
1:30 of 3rd period - Wrist shot by Antti Miettinen.
1:30 of 3rd period - Goal by Antti Miettinen - Avalanche : 0 - Devils : 2.
1:31 of 3rd period - Jason Arnott wins face-off versus Mike Comrie in neutral zone.
1:41 of 3rd period - Wrist shot by Patrick Eaves.
1:41 of 3rd period - Shot Misses the Net.
2:22 of 3rd period - Chuck Kobasew is hit by Zach Parise and loses puck.
2:31 of 3rd period - Snap shot by Stephen Weiss.
2:31 of 3rd period - Shot Blocked by Bryan Little.
2:33 of 3rd period - Snap shot by Zach Parise.
2:33 of 3rd period - Deflect By Patric Hornqvist.
2:33 of 3rd period - Stopped by Jimmy Howard with a rebound.
2:45 of 3rd period - Slapshot by Dave Tanabe.
2:45 of 3rd period - Stopped by Dan Ellis without a rebound.
2:46 of 3rd period - Dustin Boyd wins face-off versus Maxim Talbot in Devils zone.
3:08 of 3rd period - Snap shot by Dustin Boyd.
3:08 of 3rd period - Shot Misses the Net.
3:10 of 3rd period - Wrist shot by Greg Stewart.
3:10 of 3rd period - Stopped by Jimmy Howard without a rebound.
3:11 of 3rd period - Vincent Lecavalier wins face-off versus Mike Comrie in Avalanche zone.
3:12 of 3rd period - Backhand shot by Maxim Afinogenov.
3:12 of 3rd period - Stopped by Jimmy Howard without a rebound.
3:13 of 3rd period - Vincent Lecavalier wins face-off versus Mike Comrie in Avalanche zone.
3:19 of 3rd period - Minor Penalty to Jason Pominville for Tripping.
3:20 of 3rd period - Vincent Lecavalier wins face-off versus Mike Comrie in Avalanche zone.
4:32 of 3rd period - Maxim Afinogenov is hit by Chuck Kobasew and loses puck.
5:15 of 3rd period - Snap shot by Chuck Kobasew.
5:15 of 3rd period - Stopped by Dan Ellis without a rebound.
5:16 of 3rd period - Patric Hornqvist wins face-off versus Mike Comrie in Devils zone.
5:19 of 3rd period - Penalty to Jason Pominville is over, Jason Pominville is back on ice.
5:39 of 3rd period - Slapshot by Bryan Little.
5:39 of 3rd period - Shot Blocked by Ben Lovejoy.
5:59 of 3rd period - Snap shot by Dustin Boyd.
5:59 of 3rd period - Stopped by Jimmy Howard with a rebound.
6:13 of 3rd period - Snap shot by Stephen Weiss.
6:13 of 3rd period - Stopped by Jimmy Howard with a rebound.
7:03 of 3rd period - Shane O'Brien is hit by Zach Parise and loses puck.
8:09 of 3rd period - Wrist shot by Jason Allison.
8:09 of 3rd period - Stopped by Dan Ellis without a rebound.
8:10 of 3rd period - Corey Perry wins face-off versus Vincent Lecavalier in Devils zone.
8:55 of 3rd period - Snap shot by Vincent Lecavalier.
8:55 of 3rd period - Shot Misses the Net.
8:57 of 3rd period - Wrist shot by Vincent Lecavalier.
8:57 of 3rd period - Goal by Vincent Lecavalier - Avalanche : 0 - Devils : 3.
8:58 of 3rd period - Mike Comrie wins face-off versus Stephen Weiss in neutral zone.
9:23 of 3rd period - Mike Komisarek is hit by Rostislav Olesz.
9:50 of 3rd period - Wrist shot by Maxim Afinogenov.
9:50 of 3rd period - Deflect By Vincent Lecavalier.
9:50 of 3rd period - Shot Misses the Net.
9:50 of 3rd period - Puck is out of play.
9:51 of 3rd period - Mike Comrie wins face-off versus Stephen Weiss in Avalanche zone.
9:58 of 3rd period - Snap shot by Jason Pominville.
9:58 of 3rd period - Stopped by Dan Ellis without a rebound.
9:59 of 3rd period - Mike Comrie wins face-off versus Patric Hornqvist in Devils zone.
10:00 of 3rd period - Snap shot by Drew Doughty.
10:00 of 3rd period - Goal by Drew Doughty - Avalanche : 1 - Devils : 3.
10:01 of 3rd period - Jason Pominville wins face-off versus Vincent Lecavalier in neutral zone.
10:06 of 3rd period - Slapshot by Drew Doughty.
10:06 of 3rd period - Shot Misses the Net.
10:08 of 3rd period - Snap shot by Mike Comrie.
10:08 of 3rd period - Deflect By Ryan Smyth.
10:08 of 3rd period - Shot Misses the Net.
10:08 of 3rd period - Puck is out of play.
10:09 of 3rd period - Mike Comrie wins face-off versus Vincent Lecavalier in Devils zone.
10:37 of 3rd period - Icing by Mike Komisarek.
10:38 of 3rd period - Stephen Weiss wins face-off versus Jason Allison in Devils zone.
10:47 of 3rd period - Wrist shot by Corey Perry.
10:47 of 3rd period - Shot Misses the Net.
10:49 of 3rd period - Wrist shot by Jason Allison.
10:49 of 3rd period - Shot Misses the Net.
10:51 of 3rd period - Snap shot by Michael Rupp.
10:51 of 3rd period - Shot Misses the Net.
10:57 of 3rd period - Wrist shot by Michael Rupp.
10:57 of 3rd period - Stopped by Dan Ellis with a rebound.
10:59 of 3rd period - Snap shot by Corey Perry.
10:59 of 3rd period - Shot Misses the Net.
11:01 of 3rd period - Slapshot by Jason Allison.
11:01 of 3rd period - Shot Hit the Post.
11:03 of 3rd period - Snap shot by Jason Allison.
11:03 of 3rd period - Stopped by Dan Ellis with a rebound.
11:05 of 3rd period - Snap shot by Jason Allison.
11:05 of 3rd period - Goal by Jason Allison - Avalanche : 2 - Devils : 3.
11:06 of 3rd period - Mike Comrie wins face-off versus Vincent Lecavalier in neutral zone.
11:09 of 3rd period - Slapshot by Marc Staal.
11:09 of 3rd period - Stopped by Dan Ellis with a rebound.
11:11 of 3rd period - Snap shot by Mike Comrie.
11:11 of 3rd period - Goal by Mike Comrie - Avalanche : 3 - Devils : 3.
11:12 of 3rd period - Mike Comrie wins face-off versus Guillaume Latendresse in neutral zone.
12:08 of 3rd period - Off-side.
12:09 of 3rd period - Guillaume Latendresse wins face-off versus Mike Comrie in neutral zone.
12:16 of 3rd period - Snap shot by Guillaume Latendresse.
12:16 of 3rd period - Shot Misses the Net.
12:18 of 3rd period - Wrist shot by Vincent Lecavalier.
12:18 of 3rd period - Deflect By Guillaume Latendresse.
12:18 of 3rd period - Shot Misses the Net.
12:18 of 3rd period - Puck is out of play.
12:19 of 3rd period - Jason Pominville wins face-off versus Vincent Lecavalier in Avalanche zone.
12:48 of 3rd period - Wrist shot by Vincent Lecavalier.
12:48 of 3rd period - Shot Misses the Net.
12:50 of 3rd period - Slapshot by Guillaume Latendresse.
12:50 of 3rd period - Shot Misses the Net.
12:52 of 3rd period - Wrist shot by Maxim Afinogenov.
12:52 of 3rd period - Goal by Maxim Afinogenov - Avalanche : 3 - Devils : 4.
12:53 of 3rd period - Jason Arnott wins face-off versus Jason Allison in neutral zone.
12:56 of 3rd period - Snap shot by Ladislav Nagy.
12:56 of 3rd period - Shot Blocked by Jack Johnson.
13:22 of 3rd period - Ryan Smyth is hit by Maxim Afinogenov and loses puck.
13:53 of 3rd period - Snap shot by Brian Campbell.
13:53 of 3rd period - Stopped by Dan Ellis without a rebound.
13:54 of 3rd period - Vincent Lecavalier wins face-off versus Jason Allison in Devils zone.
14:28 of 3rd period - Snap shot by Jason Arnott.
14:28 of 3rd period - Shot Misses the Net.
14:30 of 3rd period - Wrist shot by Jason Arnott.
14:30 of 3rd period - Stopped by Jimmy Howard with a rebound.
14:46 of 3rd period - Snap shot by Rostislav Olesz.
14:46 of 3rd period - Stopped by Dan Ellis without a rebound.
14:47 of 3rd period - Vincent Lecavalier wins face-off versus Bryan Little in Devils zone.
14:52 of 3rd period - Backhand shot by Drew Doughty.
14:52 of 3rd period - Stopped by Dan Ellis with a rebound.
15:08 of 3rd period - Minor Penalty to Rostislav Olesz for Holding.
15:09 of 3rd period - Mike Comrie wins face-off versus Vincent Lecavalier in Avalanche zone.
15:09 of 3rd period - Mike Comrie is hit by Vincent Lecavalier.
16:21 of 3rd period - Slapshot by Dustin Byfuglien.
16:21 of 3rd period - Stopped by Dan Ellis without a rebound.
16:22 of 3rd period - Stephen Weiss wins face-off versus Andrew Ladd in Devils zone.
16:35 of 3rd period - Snap shot by Ryan Smyth.
16:35 of 3rd period - Stopped by Dan Ellis with a rebound.
17:08 of 3rd period - Penalty to Rostislav Olesz is over, Rostislav Olesz is back on ice.
17:18 of 3rd period - Snap shot by Chuck Kobasew.
17:18 of 3rd period - Deflect By Dustin Byfuglien.
17:18 of 3rd period - Shot Blocked by Ladislav Nagy.
17:18 of 3rd period - Puck is out of play.
17:19 of 3rd period - Jason Arnott wins face-off versus Mike Comrie in Devils zone.
17:26 of 3rd period - Slapshot by Ryan Smyth.
17:26 of 3rd period - Shot Misses the Net.
17:46 of 3rd period - Ben Lovejoy is hit by Brian Campbell.
18:10 of 3rd period - Wrist shot by Patric Hornqvist.
18:10 of 3rd period - Shot Blocked by Andrew Ladd.
18:24 of 3rd period - Zach Parise is hit by Rostislav Olesz.
18:44 of 3rd period - Wrist shot by Ladislav Nagy.
18:44 of 3rd period - Shot Blocked by Jason Pominville.
19:11 of 3rd period - Snap shot by Guillaume Latendresse.
19:11 of 3rd period - Shot Misses the Net.
19:13 of 3rd period - Wrist shot by Ben Lovejoy.
19:13 of 3rd period - Shot Misses the Net.
19:15 of 3rd period - Wrist shot by Maxim Afinogenov.
19:15 of 3rd period - Stopped by Jimmy Howard without a rebound.
19:16 of 3rd period - Patrick Roy call a timeout for Avalanche.
19:16 of 3rd period - Maxim Afinogenov wins face-off versus Jason Allison in Avalanche zone.
19:19 of 3rd period - Wrist shot by Vincent Lecavalier.
19:19 of 3rd period - Shot Misses the Net.
19:29 of 3rd period - Avalanche, Jimmy Howard is pulled from the net.
19:29 of 3rd period - Snap shot by Corey Perry.
19:29 of 3rd period - Stopped by Dan Ellis with a rebound.
19:35 of 3rd period - Snap shot by Ryan Smyth.
19:35 of 3rd period - Stopped by Dan Ellis without a rebound.
19:36 of 3rd period - Vincent Lecavalier wins face-off versus Corey Perry in Devils zone.
19:53 of 3rd period - Wrist shot by Corey Perry.
19:53 of 3rd period - Deflect By Ryan Smyth.
19:53 of 3rd period - Stopped by Dan Ellis with a rebound.
19:55 of 3rd period - Snap shot by Drew Doughty.
19:55 of 3rd period - Shot Blocked by Jay Bouwmeester.
19:57 of 3rd period - Snap shot by Dave Tanabe.
19:57 of 3rd period - Deflect By Jay Bouwmeester.
19:57 of 3rd period - Goal by Dave Tanabe - Avalanche : 4 - Devils : 4.
19:57 of 3rd period - Jimmy Howard from Avalanche was sent back in the game.
19:58 of 3rd period - Jason Arnott wins face-off versus Mike Comrie in neutral zone.
Goals for this period are 4 for Avalanche vs 3 for Devils.
Shots for this period are 21 for Avalanche vs 10 for Devils.
Overtime #1
0:01 of 1st overtime period - Corey Perry wins face-off versus Stephen Weiss in neutral zone.
0:26 of 1st overtime period - Jason Pominville is hit by Zach Parise and loses puck.
0:49 of 1st overtime period - Wrist shot by Ryan Smyth.
0:49 of 1st overtime period - Deflect By Mike Comrie.
0:49 of 1st overtime period - Shot Blocked by Vincent Lecavalier.
0:49 of 1st overtime period - Puck is out of play.
0:50 of 1st overtime period - Stephen Weiss wins face-off versus Ryan Smyth in Devils zone.
1:54 of 1st overtime period - Ben Lovejoy is hit by Michael Rupp and loses puck.
2:47 of 1st overtime period - Vincent Lecavalier is hit by Dustin Byfuglien and loses puck.
2:51 of 1st overtime period - Icing by Ben Lovejoy.
2:52 of 1st overtime period - Vincent Lecavalier wins face-off versus Dustin Byfuglien in Devils zone.
2:57 of 1st overtime period - Drew Doughty is hit by Vincent Lecavalier and loses puck.
3:02 of 1st overtime period - Backhand shot by Vincent Lecavalier.
3:02 of 1st overtime period - Deflect By Guillaume Latendresse.
3:02 of 1st overtime period - Shot Misses the Net.
3:02 of 1st overtime period - Puck is out of play.
3:03 of 1st overtime period - Stephen Weiss wins face-off versus Corey Perry in Avalanche zone.
3:14 of 1st overtime period - Wrist shot by Zach Parise.
3:14 of 1st overtime period - Deflect By Corey Perry.
3:14 of 1st overtime period - Stopped by Jimmy Howard with a rebound.
4:04 of 1st overtime period - Stephen Weiss is hit by Mike Comrie and loses puck.
4:09 of 1st overtime period - Snap shot by Mike Comrie.
4:09 of 1st overtime period - Shot Misses the Net.
4:11 of 1st overtime period - Snap shot by Marc Staal.
4:11 of 1st overtime period - Shot Blocked by Jay Bouwmeester.
4:13 of 1st overtime period - Snap shot by Ryan Smyth.
4:13 of 1st overtime period - Shot Blocked by Jay Bouwmeester.
4:28 of 1st overtime period - Ben Lovejoy is hit by Dustin Byfuglien and loses puck.
4:52 of 1st overtime period - Antti Miettinen is hit by Drew Doughty and loses puck.
Goals for this period are 0 for Avalanche vs 0 for Devils.
Shots for this period are 0 for Avalanche vs 1 for Devils.
ShootOut
5:00 of 1st overtime period - Penalty Shot by Corey Perry for Avalanche.
5:00 of 1st overtime period - Snap shot by Corey Perry.
5:00 of 1st overtime period - Stopped by Dan Ellis.
5:00 of 1st overtime period - Penalty Shot by Vincent Lecavalier for Devils.
5:00 of 1st overtime period - Snap shot by Vincent Lecavalier.
5:00 of 1st overtime period - Stopped by Jimmy Howard.
5:00 of 1st overtime period - Penalty Shot by Ryan Smyth for Avalanche.
5:00 of 1st overtime period - Deke by Ryan Smyth.
5:00 of 1st overtime period - Stopped by Dan Ellis.
5:00 of 1st overtime period - Penalty Shot by Patric Hornqvist for Devils.
5:00 of 1st overtime period - Snap shot by Patric Hornqvist.
5:00 of 1st overtime period - Goal by Patric Hornqvist.
5:00 of 1st overtime period - Penalty Shot by Bryan Little for Avalanche.
5:00 of 1st overtime period - Backhand shot by Bryan Little.
5:00 of 1st overtime period - Goal by Bryan Little.
5:00 of 1st overtime period - Penalty Shot by Maxim Afinogenov for Devils.
5:00 of 1st overtime period - Deke by Maxim Afinogenov.
5:00 of 1st overtime period - Shot Misses the Net.
5:00 of 1st overtime period - Penalty Shot by Mike Comrie for Avalanche.
5:00 of 1st overtime period - Snap shot by Mike Comrie.
5:00 of 1st overtime period - Goal by Mike Comrie.
5:00 of 1st overtime period - Penalty Shot by Stephen Weiss for Devils.
5:00 of 1st overtime period - Snap shot by Stephen Weiss.
5:00 of 1st overtime period - Shot Misses the Net.
Output by the SimonT Hockey Simulator (STHS) for François Prévost -- Original Page W3C XHTML 1.0 Valid